 Dungeon Crawl Stone Soup version 0.24.0-5-g267a8d59f4 (webtiles) character file.

Game seed: 440737375347490493, levelgen mode: deterministic

148 Esekla the Ducker (level 5, -1/36 HPs)
             Began as an Octopode Skald on Nov 1, 2019.
             Slain by a gnoll
             ... wielding a +0 spear
              (3 damage)
             ... on level 2 of the Dungeon.
             The game lasted 00:07:03 (1233 turns).

Esekla the Ducker (Octopode Skald)                  Turns: 1233, Time: 00:07:03

Health: -1/36      AC:  1    Str: 10    XL:     5   Next: 30%
Magic:  7/8        EV: 15    Int: 15    God:
Gold:   63         SH:  0    Dex: 13    Spells: 3/8 levels left

rFire    . . .     SeeInvis .   a - +0 falchion
rCold    + . .     Gourm    .   (no shield)
rNeg     . . .     Faith    .   (helmet restricted)
rPois    .         Spirit   .   (no amulet)
rElec    .         Reflect  .   l - ring of protection from cold
rCorr    .         Harm     .   (no ring)
MR       .....                  (no ring)
Stlth    ++........             (no ring)
HPRegen  0.12/turn              (no ring)
MPRegen  0.11/turn              (no ring)
                                (no ring)
                                (no ring)

@: infused
A: almost no armour, stealthy swim, amphibious, 8 rings, constrict 8, camouflage
1, gelatinous body 1
a: no special abilities


You were on level 2 of the Dungeon.
You were very hungry.

You visited 1 branch of the dungeon, and saw 2 of its levels.

You collected 63 gold pieces.

Inventory:

Hand Weapons
 a - a +0 falchion (weapon)
Missiles
 g - 29 poisoned darts (quivered)
Jewellery
 l - a ring of protection from cold (left tentacle)
Scrolls
 f - a scroll of teleportation {unknown}
 h - a scroll of remove curse {unknown}
 m - a scroll of blinking {unknown}
Potions
 b - a potion of cancellation {unknown}
 d - 5 potions of curing {unknown}
 e - 2 potions of haste {unknown}
 i - a potion of mutation {unknown}
 j - a potion of might {unknown}
 k - a potion of agility {unknown}
Comestibles
 c - 4 rations


   Skills:
 * Level 3.1 Fighting
 + Level 3.4 Long Blades
 * Level 3.9 Dodging
 - Level 2.0 Spellcasting
 - Level 3.0 Charms


You had 3 spell levels left.
You knew the following spells:

 Your Spells              Type           Power        Failure   Level  Hunger
a - Infusion              Chrm           ##..         6%          1    #......
b - Shroud of Golubria    Chrm/Tloc      #.....       19%         2    ###....
c - Song of Slaying       Chrm           ##......     10%         2    ###....

Your spell library contained the following spells:

 Spells                   Type           Power        Failure   Level  Hunger
 Regeneration             Chrm/Necr      #.........   34%         3    ###....
 Spectral Weapon          Hex/Chrm       #.......     34%         3    ###....


Dungeon Overview and Level Annotations

Branches:
Dungeon (2/15)

Altars:


Innate Abilities, Weirdness & Mutations

You cannot wear most types of armour.
You are very stealthy in the water. (Stealth+)
You are amphibious.
You can wear up to eight rings at the same time.
You can use your tentacles to constrict eight enemies at once.
Your skin changes colour to match your surroundings (Stealth+).
Your rubbery body absorbs attacks. (AC +1, EV +1)


Message History

The gnoll is heavily wounded.
You are feeling very hungry.
The gnoll hits you from afar with a +0 spear.
The gnoll hits you with a +0 club.
You hit the gnoll. You grab the gnoll.
The gnoll is severely wounded.
You constrict the gnoll, but do no damage.
The gnoll misses you. The gnoll hits you with a +0 club.
* * * LOW HITPOINT WARNING * * *
You hit the gnoll. You squeeze the gnoll.
You kill the gnoll!
The gnoll hits you from afar with a +0 spear.
* * * LOW HITPOINT WARNING * * *
There is an open door here.
Cast which spell? (? or * to list)
You begin infusing your attacks with magical energy.
The gnoll hits you from afar with a +0 spear.
* * * LOW HITPOINT WARNING * * *
The gnoll hits you with a +0 spear.
You die...

###.####.# #.#
.##......#
#.########
.#########
#......... .#
######......##
.#
+...........#
.#
#######.....#
.# #.....# '##
##'#### ..#
#@# ..# #g#
..# )#.# .## #
.#.# .# #.
.#.# .# .##
.#.# .# .. ..
.#.# .# ...#
#.#.#.# ##
.....#...#.#


You could see a gnoll.

Vanquished Creatures
  Jessica (D:2)
  Natasha (twice) (D:2)
  A gnoll (D:2)
  3 adders (D:2)
  An ooze (D:1)
  2 dart slugs
  A giant cockroach (D:1)
  4 goblins
  2 hobgoblins (D:1)
  4 jackals (D:2)
  A kobold (D:2)
  5 bats
  2 frilled lizards (D:1)
  3 rats (D:1)
32 creatures vanquished.

Notes
Turn   | Place    | Note
-------+----------+-------------------------------------------
     0 | D:1      | Esekla the Octopode Skald began the quest for the Orb.
     0 | D:1      | Reached XP level 1. HP: 14/14 MP: 3/3
   238 | D:1      | Reached XP level 2. HP: 17/19 MP: 5/5
   762 | D:2      | Reached XP level 3. HP: 23/25 MP: 6/6
   762 | D:2      | Noticed Jessica
   807 | D:2      | Killed Jessica
   819 | D:2      | Learned a level 2 spell: Shroud of Golubria
   822 | D:2      | Learned a level 2 spell: Song of Slaying
   886 | D:2      | Reached XP level 4. HP: 24/30 MP: 7/7
   888 | D:2      | Noticed Natasha
   899 | D:2      | Killed Natasha
  1062 | D:2      | Noticed Natasha
  1067 | D:2      | Killed Natasha
  1067 | D:2      | Reached XP level 5. HP: 26/36 MP: 8/8
  1233 | D:2      | Slain by a gnoll

Levels and vault maps discovered:
D:1:      dpeg_arrival_boxes_within_box, layout_basic
D:2:      layout_basic, lemuel_round_altar, uniq_natasha, uniq_jessica

Skill      XL: |  1  2  3  4 |
---------------+-------------+-----
Dodging        | 3 |  3.9
Long Blades    | 3 |  3.4
Fighting       | 3 |  3.1
Spellcasting   | |  2.0
Charms         | |  3.0

Action                   |  1- 3 |  4- 6 || total
-------------------------+-------+-------++-------
Melee: Falchion          |    44 |    23 ||    67
       Constrict         |    14 |     7 ||    21
       Tentacles         |     5 |     7 ||    12
Throw: Dart              |     4 |     1 ||     5
 Cast: Infusion          |       |     1 ||     1
 Stab: Sleeping          |     1 |     2 ||     3
Armor: Skin              |     2 |     1 ||     3
Dodge: Dodged            |    26 |    17 ||    43
       Rpst.: Falchion   |     6 |     6 ||    12
